 Dungeon Crawl Stone Soup version 0.23.2 (webtiles) character file.

Game seed: 12370275613850666884

80579 Kairos the Marksant (level 16, -1/138 HPs)
             Began as a Formicid Abyssal Knight on Apr 9, 2019.
             Was a High Priest of Lugonu.
             Slain by a deep elf knight
             ... wielding a +0 short sword
              (4 damage)
             ... on level 1 of the Elven Halls.
             The game lasted 01:05:41 (22859 turns).

Kairos the Marksant (Formicid Abyssal Knight)      Turns: 22859, Time: 01:05:42

Health: -1/138     AC: 29    Str: 19 (20) XL:     16   Next: 15%
Magic:  23/24      EV:  3    Int: 20      God:    Lugonu [*****.]
Gold:   714        SH:  8    Dex:  9      Spells: 15/15 levels left

rFire    + . .     SeeInvis +   V - +7 sceptre of Torment {pain, torment}
rCold    + . .     Gourm    .   M - +2 buckler "Uxel" {+Inv rElec rF- rCorr}
rNeg     . . .     Faith    .   t - +3 crystal plate armour
rPois    +         Spirit   .   (helmet unavailable)
rElec    +         Reflect  +   X - +2 cloak of Defiance {rPois Int+4 Dex+3}
rCorr    +         Harm     .   R - +0 pair of gloves "Qoumuvol" {rF+ rC+ Dex-4}
MR       +....     Clarity  +   H - +1 pair of boots {Fly}
Stlth    ..........             e - +2 amulet of reflection
HPRegen  0.33/turn              x - ring of stealth
MPRegen  0.19/turn              o - ring of protection from fire

@: flying, very slightly contaminated, invisible
A: permanent stasis, dig shafts and tunnels, four strong arms, antennae 3,
blurry vision 1, clarity, clever 1, clumsy 1, deterioration 1, robust 1
a: Dig, Shaft Self, Depart the Abyss, Bend Space, Banish, Corrupt, Enter the
Abyss, Renounce Religion, Stop Flying


You were on level 1 of the Elven Halls.
You worshipped Lugonu.
Lugonu was extremely pleased with you.
You were not hungry.

You visited 4 branches of the dungeon, and saw 19 of its levels.
You visited the Abyss 2 times.
You visited 1 bazaar.
You also visited: Sewer, Gauntlet and Ice Cave.

You collected 1881 gold pieces.
You spent 1167 gold pieces at shops.

Inventory:

Hand Weapons
 f - the +7 longbow of Attainder {speed, +Blink rN+}
   (You found it on level 2 of the Abyss)

   Attacks with this weapon are significantly faster.
   It protects you from negative energy.
   It lets you blink.
 A - a +3 great mace of protection
 V - the +7 sceptre of Torment (weapon) {pain, torment}
   (You found it in an ice cave)

   In the hands of one skilled in necromantic magic, it inflicts extra damage on
   living creatures.
Missiles
 j - 145 arrows
 s - 3 throwing nets (quivered)
Armour
 i - a scarf of repulsion
 t - a +3 crystal plate armour (worn)
 u - a +1 cloak
 H - a +1 pair of boots of flying (worn)
 M - the +2 buckler "Uxel" (worn) {+Inv rElec rF- rCorr}
   (You found it on level 8 of the Dungeon)

   It makes you vulnerable to fire.
   It insulates you from electricity.
   It lets you turn invisible.
   It provides partial protection from all sources of acid and corrosion.
 R - the +0 pair of gloves "Qoumuvol" (worn) {rF+ rC+ Dex-4}
   (You found it on level 9 of the Dungeon)

   It affects your dexterity (-4).
   It protects you from fire.
   It protects you from cold.
 X - the +2 cloak of Defiance (worn) {rPois Int+4 Dex+3}
   (You bought it in a shop on level 2 of the Orcish Mines)

   It affects your intelligence (+4).
   It affects your dexterity (+3).
   It protects you from poison.
Jewellery
 e - a +2 amulet of reflection (around neck)
 n - the ring of Creativity {Wiz Int+4}
   (You found it in a Gauntlet)

   [ring of wizardry]

   It improves your spell success rate.
   It affects your intelligence (+4).
 o - a ring of protection from fire (right hand)
 x - a ring of stealth (left hand)
 N - an uncursed amulet of harm
 W - an uncursed amulet of magic regeneration
 Z - an uncursed ring of poison resistance
Wands
 q - a wand of polymorph (26)
 G - a wand of digging (8)
 I - a wand of flame (38)
 O - a wand of acid (36)
Scrolls
 b - 3 scrolls of immolation
 k - 7 scrolls of remove curse
 p - 5 scrolls of fog
 r - 2 scrolls of amnesia
 v - 10 scrolls of fear
 J - 3 scrolls of enchant weapon
 L - 5 scrolls of blinking {unknown}
 S - 3 scrolls of silence
 T - a scroll of holy word {unknown}
 U - a scroll of torment {unknown}
 Y - 2 scrolls of noise {unknown}
Potions
 d - a potion of invisibility {unknown}
 g - 7 potions of flight
 h - 5 potions of brilliance
 l - 2 potions of might
 m - 3 potions of heal wounds
 w - a potion of resistance
 z - a potion of ambrosia {unknown}
 B - 3 potions of magic
 D - 3 potions of lignification
 E - 5 potions of curing
 K - a potion of berserk rage {unknown}
 P - 8 potions of agility
Miscellaneous
 C - a box of beasts
 F - a lightning rod (4/4)
 Q - a sack of spiders
Comestibles
 c - 34 rations


   Skills:
 + Level 11.6 Fighting
 + Level 4.5 Maces & Flails
   Level 2.7 Polearms
 + Level 15.5 Bows
 + Level 9.0 Armour
 + Level 1.7 Dodging
 + Level 3.0 Stealth
 + Level 2.5 Shields
 * Level 10.8 Invocations
 * Level 8.3 Evocations


You had 15 spell levels left.
You didn't know any spells.
Your spell library contained the following spells:

 Spells                   Type           Power        Failure   Level  Hunger
 Corona                   Hex            #......      100%        1    ##.....
 Flame Tongue             Conj/Fire      #....        100%        1    ##.....
 Freeze                   Ice            #...         100%        1    ##.....
 Shock                    Conj/Air       #...         100%        1    ##.....
 Slow                     Hex            #.......     100%        2    ###....
 Throw Flame              Conj/Fire      #.....       100%        2    ###....
 Throw Frost              Conj/Ice       #.....       100%        2    ###....
 Conjure Flame            Conj/Fire      #.......     100%        3    ####...
 Inner Flame              Hex/Fire       #.......     100%        3    ####...
 Ozocubu's Armour         Chrm/Ice       #.......     100%        3    ####...
 Portal Projectile        Hex/Tloc       #.....       100%        3    ####...
 Cause Fear               Hex            #.........   100%        4    #####..
 Leda's Liquefaction      Hex/Erth       #.........   100%        4    #####..
 Sticky Flame             Conj/Fire      #.......     100%        4    #####..
 Summon Ice Beast         Ice/Summ       #.......     100%        4    #####..
 Throw Icicle             Conj/Ice       #.......     100%        4    #####..
 Fireball                 Conj/Fire      #.........   100%        5    ######.
 Lee's Rapid Deconstruct  Erth           #.........   100%        5    ######.
 Conjure Ball Lightning   Conj/Air       #.........   100%        6    #######
 Orb of Destruction       Conj           #.........   100%        7    #######


Dungeon Overview and Level Annotations

Branches:
Dungeon (13/15)            Temple (0/1) D:5            Lair (3/6) D:11
    Orc (2/2) D:12            Elf (1/3) Orc:2        Vaults (0/5) D:13
  Swamp: Lair:2-4    Shoals: Lair:2-4     Snake: Lair:2-4    Spider: Lair:2-4

Altars:
Cheibriados
Gozag
Hepliaklqana
Sif Muna
Trog
Xom
Yredelemnul
The Shining One
Beogh

Shops:
D:5 [   D:10 %   Orc:1 }   Orc:2 [(*:

Annotations:
D:12 1 runed translucent door, Borgoz's ghost, journeyman GrGl
D:13 corrupted


Innate Abilities, Weirdness & Mutations

You cannot be hasted, slowed, berserked, paralysed or teleported.
You can dig through walls and to a lower floor.
Your four strong arms can wield two-handed weapons with a shield.
You have a pair of large antennae on your head. (SInv)
Scrolls take you a little longer to read.
You possess an exceptional clarity of mind.
Your mind is acute. (Int +2)
You are clumsy. (Dex -2)
Your body sometimes deteriorates upon taking damage.
You are robust. (+10% HP)


Message History

The deep elf knight hits you with a +0 long sword.
The deep elf knight hits you with a +0 short sword.
You closely miss the deep elf knight.
The deep elf knight hits you but does no damage.
The deep elf knight hits you with a +0 short sword!
* * * LOW HITPOINT WARNING * * *
The deep elf knight hits you but does no damage. x2
You closely miss the deep elf knight.
The deep elf knight is lightly wounded.
The deep elf knight hits you but does no damage.
The deep elf knight hits you with a +0 long sword!
* * * LOW HITPOINT WARNING * * *
The deep elf knight hits you but does no damage.
You miss the deep elf knight.
The deep elf knight points at you and mumbles some strange words.
The shard of ice hits you!! You partially resist.
* * * LOW HITPOINT WARNING * * *
Your body deteriorates!
You feel weakened.
The deep elf knight hits you with a +0 short sword.
You die...

### ##.# ##e#?#
##@###.. #e## ....
#.#####{## ###.#
#......<.#..# .
#.###.......#
#.##........
#.##..#e..## {
#.##..#...#
...%....##..#.....


You could see 2 deep elf knights.

Vanquished Creatures
  An orc warlord (Orc:2)
  A minotaur (Gauntlet)
  A crystal guardian (D:12)
  An ogre mage (D:12)
  A centaur warrior (D:13)
  3 hydras
  3 dancing weapons
  5 two-headed ogres
  2 orc high priests
  A deep elf knight (Elf:1)
  A skeletal warrior (D:12)
  Nergalle (Lair:1)
  2 unseen horrors
  3 orc knights (Orc:2)
  A necromancer (IceCv)
  A deep elf archer (Elf:1)
  A manticore (D:12)
  4 deep elf magi
  4 ugly things
  4 orc sorcerers
  5 elephants (Lair:2)
  A worldbinder (Abyss:1)
  2 cyclopes (D:13)
  2 black mambas (Lair:3)
  2 ice statues (IceCv)
  5 centaur skeletons
  4 spiny frogs
  A rime drake (Lair:2)
  3 torpor snails (Lair:3)
  A yaktaur (shapeshifter) (D:12)
  A kobold demonologist (D:10)
  9 komodo dragons
  A hellwing (Gauntlet)
  4 ice devils (IceCv)
  Grinder (D:4)
  6 trolls
  3 polar bears (Lair:2)
  12 hippogriffs
  6 dream sheep (Lair:3)
  A vampire (D:11)
  5 wyverns
  A basilisk (Lair:2)
  Eustachio (D:5)
  26 yaks
  4 wargs (Orc:2)
  An acid dragon (D:12)
  Edmund (D:6)
  A soldier ant (D:11)
  3 water moccasins (Lair:1)
  7 porcupines
  4 sky beasts
  A hornet zombie (D:10)
  31 orc warriors
  4 ice beasts
  2 phantoms (D:5)
  11 ogres
  3 necrophages
  3 eyes of draining
  6 centaurs
  6 big kobolds
  7 crocodiles
  Blork the orc (Orc:2)
  21 bullfrogs
  5 gnoll sergeants (D:12)
  2 scorpions
  14 killer bees
  A troll skeleton (D:12)
  8 howler monkeys
  3 spriggan skeletons (D:12)
  2 bullfrog zombies
  3 centaur zombies
  A crimson imp (D:7)
  16 orc priests
  3 quasits
  9 hounds
  A gnoll shaman (D:7)
  5 jellies
  21 orc wizards
  A bullfrog skeleton (D:8)
  Ijyb (D:5)
  Natasha (twice) (D:4)
  13 iguanas
  14 worker ants
  A hound zombie (D:7)
  14 gnolls
  3 worker ant zombies
  13 adders
  7 shadow imps
  2 oozes
  An adder zombie (D:5)
  2 worms (D:2)
  2 dart slugs
  4 leopard geckos
  64 orcs
  9 giant cockroaches
  11 hobgoblins
  10 jackals
  22 kobolds
  10 quokkas
  9 ball pythons
  A ball python zombie (D:6)
  14 bats
  14 frilled lizards
  7 goblins
  A quokka skeleton (D:5)
  7 rats
  25 plants
639 creatures vanquished.

Vanquished Creatures (others)
  A two-headed ogre (D:11)
  A dancing weapon (Elf:1)
  3 meliai (D:13)
  A queen bee (D:13)
  A centaur (D:7)
  22 killer bees (D:13)
  A crimson imp (D:5)
  A giant cockroach (D:5)
  A kobold (D:3)
  A quokka (D:5)
  6 demonic plants
  9 plants
  6 starspawn tentacles (Abyss:1)
54 creatures vanquished.

Grand Total: 693 creatures vanquished

Notes
Turn   | Place    | Note
-------+----------+-------------------------------------------
     0 | Abyss:1  | Kairos the Formicid Abyssal Knight began the quest for the
                  | Orb.
     0 | Abyss:1  | Reached XP level 1. HP: 18/18 MP: 2/2
    57 | Abyss:1  | Noticed an orange demon
    57 | Abyss:1  | Noticed a yellow draconian scorcher
    78 | Abyss:1  | Noticed a tentacled starspawn
    95 | Abyss:1  | Noticed a small abomination
   158 | Abyss:2  | Noticed a large abomination
   169 | Abyss:2  | Got an ancient longbow
   175 | D:1      | Escaped the Abyss
   176 | D:1      | Identified the +7 longbow of Attainder {speed, +Blink rN+}
                  | (You found it on level 2 of the Abyss)
   595 | D:1      | Reached XP level 2. HP: 22/24 MP: 3/3
   603 | D:1      | Reached * piety under Lugonu
   711 | D:1      | Reached XP level 3. HP: 13/29 MP: 4/4
  1197 | D:1      | Reached skill level 1 in Dodging
  1680 | D:2      | Reached XP level 4. HP: 37/37 MP: 5/5
  1833 | D:2      | Reached ** piety under Lugonu
  1851 | D:2      | Reached skill level 1 in Bows
  2156 | D:2      | Reached XP level 5. HP: 42/42 MP: 6/6
  2682 | D:3      | Reached skill level 2 in Bows
  2700 | D:3      | Reached skill level 3 in Bows
  2700 | D:3      | Reached XP level 6. HP: 28/48 MP: 7/7
  3124 | D:3      | Reached *** piety under Lugonu
  3702 | D:4      | Noticed an ogre
  3705 | D:4      | Killed an ogre
  3754 | D:4      | Found an opulent altar of Gozag.
  3863 | D:4      | Reached skill level 4 in Bows
  3863 | D:4      | Reached XP level 7. HP: 54/54 MP: 8/8
  3944 | D:4      | Noticed Grinder
  3952 | D:4      | Killed Grinder
  3952 | D:4      | Reached skill level 5 in Bows
  4300 | D:4      | Noticed Natasha
  4305 | D:4      | Killed Natasha
  4502 | D:4      | Noticed Natasha
  4504 | D:4      | Killed Natasha
  4504 | D:4      | Reached XP level 8. HP: 54/61 MP: 9/9
  4514 | D:5      | Entered Level 5 of the Dungeon
  4570 | D:5      | Found a staircase to the Ecumenical Temple.
  4623 | D:5      | Found a glowing drain.
  4633 | D:5      | Reached skill level 1 in Stealth
  4667 | D:5      | Noticed Eustachio
  4682 | D:5      | Killed Eustachio
  4682 | D:5      | Reached skill level 5 in Fighting
  4718 | Sewer    | Entered a sewer
  5029 | Sewer    | Reached skill level 6 in Bows
  5446 | D:5      | Reached **** piety under Lugonu
  5461 | D:5      | Found a shimmering altar of Xom.
  5652 | D:5      | Noticed Ijyb
  5653 | D:5      | Killed Ijyb
  5691 | D:5      | Found a hazy altar of Hepliaklqana.
  5766 | D:5      | Reached XP level 9. HP: 68/68 MP: 10/10
  5800 | D:5      | Reached skill level 7 in Bows
  5805 | D:5      | Found Tonin's Antique Armour Shop.
  5823 | D:5      | Bought a pair of embroidered boots for 135 gold pieces
  6321 | D:6      | Reached skill level 5 in Armour
  6472 | D:6      | Noticed Edmund
  6475 | D:6      | Killed Edmund
  6475 | D:6      | Reached skill level 8 in Bows
  6962 | D:7      | Noticed a hippogriff
  6972 | D:7      | Killed a hippogriff
  7025 | D:7      | Reached skill level 9 in Bows
  7025 | D:7      | Reached XP level 10. HP: 71/77 MP: 11/11
  7175 | D:7      | Noticed a two-headed ogre
  7182 | D:7      | Killed a two-headed ogre
  7248 | D:7      | Reached skill level 10 in Bows
  7264 | D:7      | Found a bloodstained altar of Trog.
  7444 | D:8      | Got a faintly humming buckler
  7450 | D:8      | Identified the +2 buckler "Uxel" {+Inv rElec rF- rCorr}
                  | (You found it on level 8 of the Dungeon)
  7598 | D:8      | Found an opulent altar of Gozag.
  7716 | D:8      | Reached ***** piety under Lugonu
  7739 | D:8      | Found a glowing golden altar of the Shining One.
  8064 | D:8      | Reached skill level 1 in Evocations
  8100 | D:8      | Noticed a two-headed ogre
  8107 | D:8      | Killed a two-headed ogre
  8308 | D:9      | Reached XP level 11. HP: 72/85 MP: 12/12
  8424 | D:9      | Got a pair of brightly glowing gloves
  8442 | D:9      | Identified the cursed +0 pair of gloves "Qoumuvol" {rF+ rC+
                  | Dex-4} (You found it on level 9 of the Dungeon)
  8548 | D:9      | You are sucked into a shaft for 2 floors!
  8558 | D:11     | Reached skill level 11 in Bows
  8580 | D:11     | Noticed a two-headed ogre
  8580 | D:11     | Noticed a white ugly thing
  8612 | D:11     | Gained mutation: Your body sometimes deteriorates upon
                  | taking damage. [potion of mutation]
  8612 | D:11     | Gained mutation: You are weak. (Str -2) [potion of
                  | mutation]
  8612 | D:11     | Gained mutation: Your spells are a little harder to cast,
                  | but a little more powerful. [potion of mutation]
  8612 | D:11     | Gained mutation: Your spells are harder to cast, but more
                  | powerful. [potion of mutation]
  8631 | D:11     | Lost mutation: Your spells are harder to cast, but more
                  | powerful. [potion of mutation]
  8631 | D:11     | Lost mutation: You are weak. (Str -2) [potion of mutation]
  8631 | D:11     | Gained mutation: You are frail. (-10% HP) [potion of
                  | mutation]
  8631 | D:11     | Gained mutation: You have large cloven feet. [potion of
                  | mutation]
  8632 | D:11     | Lost mutation: You are frail. (-10% HP) [potion of
                  | mutation]
  8632 | D:11     | Lost mutation: Your body sometimes deteriorates upon taking
                  | damage. [potion of mutation]
  8632 | D:11     | Gained mutation: Your body sometimes deteriorates upon
                  | taking damage. [potion of mutation]
  8632 | D:11     | Gained mutation: You are robust. (+10% HP) [potion of
                  | mutation]
  8664 | D:11     | Killed a white ugly thing
  8667 | D:11     | Banished a two-headed ogre
  9168 | D:11     | Found a staircase to the Lair.
  9205 | D:11     | Noticed a six-headed hydra
  9213 | D:11     | Killed a six-headed hydra
  9322 | D:11     | Noticed an unseen horror
  9335 | D:11     | Killed an unseen horror
  9335 | D:11     | Reached skill level 12 in Bows
  9499 | D:11     | Reached XP level 12. HP: 103/103 MP: 14/14
  9985 | D:10     | Entered Level 10 of the Dungeon
 10143 | D:10     | Found a deep blue altar of Sif Muna.
 10356 | D:10     | Found Rooduysm's Food Boutique.
 10602 | D:10     | Noticed an unseen horror
 10606 | D:10     | Killed an unseen horror
 10964 | D:9      | Reached skill level 5 in Invocations
 11101 | D:9      | Found a basalt altar of Yredelemnul.
 11308 | D:12     | Noticed a skeletal warrior
 11311 | D:12     | Reached ****** piety under Lugonu
 11315 | D:12     | Reached skill level 13 in Bows
 11321 | D:12     | Noticed a crystal guardian
 11321 | D:12     | Noticed a two-headed ogre
 11323 | D:12     | Noticed an anaconda
 11324 | D:12     | Noticed a two-headed ogre
 11324 | D:12     | an anaconda changed into a two-headed ogre
 11325 | D:12     | Killed a skeletal warrior
 11327 | D:12     | a two-headed ogre changed into an eye of devastation
 11605 | D:12     | Noticed a two-headed ogre
 11625 | D:12     | Killed a two-headed ogre
 11835 | D:12     | Found a staircase to the Orcish Mines.
 11878 | D:12     | Reached XP level 13. HP: 88/112 MP: 17/17
 12059 | D:12     | Found a runed translucent door.
 12059 | D:12     | Noticed Borgoz's ghost (journeyman GrGl)
 12305 | Lair:1   | Entered Level 1 of the Lair of Beasts
 12421 | Lair:1   | Noticed Nergalle
 12454 | Lair:1   | Killed Nergalle
 12454 | Lair:1   | Reached skill level 1 in Shields
 12483 | Lair:1   | Reached skill level 10 in Fighting
 13191 | Lair:2   | Found a gate leading to a gauntlet.
 13343 | Lair:2   | Lost mutation: You have large cloven feet. [potion of
                  | mutation]
 13343 | Lair:2   | Lost mutation: Your body sometimes deteriorates upon taking
                  | damage. [potion of mutation]
 13343 | Lair:2   | Gained mutation: You are resistant to hostile enchantments.
                  | (MR+) [potion of mutation]
 13343 | Lair:2   | Gained mutation: Your flesh is heat resistant. (rF+)
                  | [potion of mutation]
 13343 | Lair:2   | Gained mutation: Your body sometimes deteriorates upon
                  | taking damage. [potion of mutation]
 13343 | Lair:2   | Gained mutation: You possess an exceptional clarity of
                  | mind. [potion of mutation]
 13346 | Gauntlet | Entered a Gauntlet
 13346 | Gauntlet | Found a transporter.
 13355 | Gauntlet | Found a transporter.
 13371 | Gauntlet | Found a transporter.
 13371 | Gauntlet | Noticed a ghost crab
 13375 | Gauntlet | Found a transporter.
 13386 | Gauntlet | Noticed a reaper
 13396 | Gauntlet | Found a transporter.
 13409 | Gauntlet | Found a transporter.
 13420 | Gauntlet | Noticed a great orb of eyes
 13422 | Gauntlet | Found a transporter.
 13447 | Gauntlet | Noticed a blizzard demon
 13451 | Gauntlet | Found a transporter.
 13451 | Gauntlet | Found a transporter.
 13455 | Gauntlet | Found a transporter.
 13483 | Gauntlet | Found a transporter.
 13483 | Gauntlet | Found a transporter.
 13485 | Gauntlet | Noticed a blizzard demon
 13603 | Gauntlet | Got a brightly glowing silver ring
 13795 | Gauntlet | Identified the +7 mace of Resourcefulness {venom, rPois}
 13795 | Gauntlet | Noticed a minotaur
 13989 | Gauntlet | Killed a minotaur
 13989 | Gauntlet | Reached skill level 14 in Bows
 13995 | Gauntlet | Identified Meeczapt's Handbook of Ashen Confrontation
 13997 | Gauntlet | Identified the ring of Creativity {Wiz Int+4} (You found it
                  | in a Gauntlet)
 15095 | Lair:3   | Reached XP level 14. HP: 104/122 MP: 20/20
 15180 | Lair:3   | Reached skill level 5 in Evocations
 15182 | Lair:3   | Found a snail-covered altar of Cheibriados.
 16797 | D:13     | Found a flickering gateway to a bazaar.
 16813 | Bazaar   | Entered a bazaar
 16813 | Bazaar   | Found Cerir's Distillery.
 16813 | Bazaar   | Found Piffiuv's Distillery.
 16817 | Bazaar   | Found Laurphir's Antique Armour Shoppe.
 16831 | Bazaar   | Found Vovuoz's Book Emporium.
 16868 | Bazaar   | Bought a runed scarf for 120 gold pieces
 16888 | Bazaar   | Bought a potion of experience for 400 gold pieces
 16888 | Bazaar   | Reached skill level 15 in Bows
 16888 | Bazaar   | Reached XP level 15. HP: 129/129 MP: 20/22
 17103 | Bazaar   | Bought a potion of agility for 32 gold pieces
 17103 | Bazaar   | Bought a potion of heal wounds for 40 gold pieces
 17103 | Bazaar   | Bought a potion of agility for 32 gold pieces
 17134 | Bazaar   | Bought a potion of resistance for 80 gold pieces
 17148 | Bazaar   | Bought a potion of agility for 76 gold pieces
 17162 | Bazaar   | Bought a potion of curing for 24 gold pieces
 17275 | D:13     | Found a frozen archway.
 17285 | IceCv    | Entered an ice cave
 17549 | IceCv    | Found the +7 sceptre of Torment {pain, torment}
 17673 | D:13     | Corrupted D:13
 18268 | D:13     | Lost mutation: You are resistant to hostile enchantments.
                  | (MR+) [potion of mutation]
 18268 | D:13     | Lost mutation: Your flesh is heat resistant. (rF+) [potion
                  | of mutation]
 18268 | D:13     | Lost mutation: Your spells are a little harder to cast, but
                  | a little more powerful. [potion of mutation]
 18268 | D:13     | Gained mutation: You are clumsy. (Dex -2) [potion of
                  | mutation]
 18268 | D:13     | Gained mutation: Scrolls take you a little longer to read.
                  | [potion of mutation]
 18268 | D:13     | Gained mutation: Your mind is acute. (Int +2) [potion of
                  | mutation]
 18445 | D:13     | Reached skill level 10 in Invocations
 18566 | D:13     | Found a gate to the Vaults.
 18805 | Orc:1    | Entered Level 1 of the Orcish Mines
 19087 | Orc:1    | Reached skill level 1 in Maces & Flails
 19567 | Orc:1    | Found Umumu's Gadget Emporium.
 19848 | Orc:2    | Entered Level 2 of the Orcish Mines
 19848 | Orc:2    | Found a staircase to the Elven Halls.
 19994 | Orc:2    | Noticed Blork the orc
 20042 | Orc:2    | Killed Blork the orc
 20716 | Orc:2    | Noticed an orc warlord
 20748 | Orc:2    | Killed an orc warlord
 21552 | Orc:2    | Escaped the Abyss
 21814 | Orc:2    | Reached XP level 16. HP: 137/138 MP: 23/23
 21900 | Orc:2    | Found a roughly hewn altar of Beogh.
 21983 | Orc:2    | Found Mollommi's Book Shop.
 22109 | Orc:2    | Found Zuomodom's Antique Armour Shop.
 22124 | Orc:2    | Found Zomeept's General Store.
 22139 | Orc:2    | Found Wonelaji's Antique Weapon Shop.
 22465 | Orc:2    | Bought an ichor-stained cloak for 228 gold pieces
 22475 | Orc:2    | Identified the +2 cloak of Defiance {rPois Int+4 Dex+3}
                  | (You bought it in a shop on level 2 of the Orcish Mines)
 22537 | Elf:1    | Entered Level 1 of the Elven Halls
 22859 | Elf:1    | HP: 3/138 [deep elf knight/shard of ice (26)]
 22859 | Elf:1    | Slain by a deep elf knight

Skill      XL: |  1  2  3  4  5  6  7  8  9 10 11 12 13 14 15 16 |
---------------+-------------------------------------------------+-----
Armour         | 3 4 5 6 7 8 9 |  9.0
Dodging        | 1 |  1.7
Bows           | 1 3 4 5 6 9 10 12 13 14 15 | 15.5
Fighting       | 4 5 6 7 8 9 10 11 | 11.6
Stealth        | 1 2 3 |  3.0
Evocations     | 2 3 4 6 8 |  8.3
Invocations    | 3 6 8 9 10 | 10.8
Shields        | 1 2 |  2.5
Maces & Flails | 3 4 |  4.5
Polearms       | |  2.7

Action                   |  1- 3 |  4- 6 |  7- 9 | 10-12 | 13-15 | 16-18 || total
-------------------------+-------+-------+-------+-------+-------+-------++-------
Melee: Spear             |    69 |       |       |    21 |       |       ||    90
       Glaive            |       |       |       |       |   187 |       ||   187
       Eveningstar       |       |       |       |       |   334 |    54 ||   388
       Great mace        |       |       |       |       |    16 |    87 ||   103
 Fire: Longbow           |    32 |   122 |   264 |   536 |   581 |       ||  1535
Invok: Depart the Abyss  |     1 |       |       |       |     1 |       ||     2
       Bend Space        |       |       |       |     1 |     2 |       ||     3
       Banish            |       |       |       |     1 |       |       ||     1
       Corrupt           |       |       |       |       |     1 |       ||     1
       Enter the Abyss   |       |       |       |       |     1 |       ||     1
 Abil: Dig               |     2 |       |     4 |     3 |    21 |       ||    30
       Evoke Invisibilit |       |       |       |     2 |     1 |     1 ||     4
  Use: Scroll            |       |       |    11 |     8 |     7 |     1 ||    27
       Potion            |       |       |       |     7 |     5 |       ||    12
  Eat: Chunk             |     1 |     7 |     7 |    11 |    11 |     1 ||    38
       Ration            |       |       |     1 |     2 |     7 |     2 ||    12
Armor: Ring mail         |    15 |       |       |       |    16 |       ||    31
       Chain mail        |       |    18 |       |       |       |       ||    18
       Plate armour      |       |       |    79 |    82 |    40 |       ||   201
       Crystal plate arm |       |       |       |       |   316 |    95 ||   411
Dodge: Dodged            |    28 |     6 |    42 |    38 |    80 |    22 ||   216
       Deflected         |       |       |       |       |     3 |     2 ||     5
Block: Other             |     2 |     4 |     4 |     1 |       |       ||    11
       Reflection        |       |     1 |       |     2 |       |     4 ||     7
       Buckler           |       |       |       |    22 |   132 |    65 ||   219
